 Dungeon Crawl Stone Soup version 0.23-a0-435-g79ed067 (webtiles) character file.

47 galech the Skirmisher (level 3, 28/29 HPs)
             Began as a Demonspawn Fighter on Nov 15, 2018.
             Quit the game on level 2 of the Dungeon.
             The game lasted 00:01:25 (760 turns).

galech the Skirmisher (Demonspawn Fighter)           Turns: 760, Time: 00:01:26

Health: 28/29      AC:  6    Str: 21    XL:     3   Next: 48%
Magic:  3/3        EV: 10    Int:  9    God:
Gold:   80         SH:  4    Dex: 13    Spells: 2/2 levels left

rFire    . . .     SeeInvis .   a - +0 war axe
rCold    . . .     Gourm    .   q - +0 buckler (curse)
rNeg     . . .     Faith    .   b - +0 scale mail
rPois    .         Spirit   +   (no helmet)
rElec    .         Reflect  .   (no cloak)
rCorr    .         Harm     .   (no gloves)
MR       .....                  (no boots)
Stlth    ..........             p - amulet of guardian spirit
HPRegen  0.09/turn              (no ring)
MPRegen  0.08/turn              (no ring)

@: mighty
A: claws 1, talons 1
a: no special abilities


You were on level 2 of the Dungeon.
You were not hungry.

You visited 1 branch of the dungeon, and saw 2 of its levels.

You collected 80 gold pieces.

Inventory:

Hand Weapons
 a - a +0 war axe (weapon)
Armour
 b - a +0 scale mail (worn)
 c - a +0 shield
 q - a cursed +0 buckler (worn)
Jewellery
 k - an uncursed amulet of rage
 p - an amulet of guardian spirit (around neck)
Scrolls
 e - 2 scrolls of fog {unknown}
 h - a scroll of noise {unknown}
 i - a scroll of fear {unknown}
 j - a scroll of teleportation {unknown}
 n - a scroll of amnesia {unknown}
 r - 2 scrolls of immolation {unknown}
 u - a scroll of enchant armour {unknown}
Potions
 d - a potion of might
 l - 2 potions of degeneration {unknown}
 m - a potion of flight {unknown}
 o - a potion of ambrosia {unknown}
 s - a potion of magic {unknown}
 t - a potion of resistance {unknown}
Comestibles
 f - 2 rations
 g - 2 chunks of flesh


   Skills:
 + Level 3.3 Fighting
 + Level 2.3 Axes
 + Level 3.0 Armour
 + Level 1.0 Dodging
 + Level 3.0 Shields


You had 2 spell levels left.
You didn't know any spells.
Your spell library was empty.

Dungeon Overview and Level Annotations

Branches:
Dungeon (2/15)

Altars:


Innate Abilities, Weirdness & Mutations

You have sharp fingernails.
You have sharp toenails.


Message History

The frilled lizard bites you but does no damage.
You completely miss the frilled lizard. Your kick misses the frilled lizard.
The frilled lizard bites you. The frilled lizard barely misses you.
You closely miss the frilled lizard. Your kick misses the frilled lizard.
The frilled lizard bites you but does no damage.
You closely miss the frilled lizard. You claw the frilled lizard.
You kill the frilled lizard!
Your Armour skill increases to level 3!
No target in view!
No target in view!
No target in view!
No target in view!
No target in view!
No target in view!
No target in view!
No target in view!
No target in view!
No target in view!
Unknown command.
Are you sure you want to abandon this character and quit the game? (Confirm

#.#....# #.#.#.#
#...##.###.#.#.#
###.##.....#.#.#
#
####.########...#
###.#....# #####
#...#+##'##
##.....(##
#$.......#
#..)@###.# #..†##
#.# #... #.#
#.... ..# ...##.
..# #..# .# ...#
##. # ..## # ...


There were no monsters in sight!

Vanquished Creatures
  2 adders (D:2)
  A dart slug (D:1)
  5 bats
  A giant cockroach (D:1)
  9 goblins
  A kobold (D:1)
  A frilled lizard (D:2)
  6 rats (D:1)
26 creatures vanquished.

Notes
Turn   | Place    | Note
-------+----------+-------------------------------------------
     0 | D:1      | galech the Demonspawn Fighter began the quest for the Orb.
     0 | D:1      | Reached XP level 1. HP: 18/18 MP: 1/1
   165 | D:1      | Gained mutation: You have sharp fingernails. [demonic
                  | ancestry]
   165 | D:1      | Reached XP level 2. HP: 19/24 MP: 2/2
   754 | D:2      | Gained mutation: You have sharp toenails. [demonic
                  | ancestry]
   754 | D:2      | Reached XP level 3. HP: 29/29 MP: 3/3
   755 | D:2      | Reached skill level 1 in Dodging
   760 | D:2      | Quit the game

Vault maps used:
D:1:      dpeg_arrival_houses_and_road, st_stairs_3, glass_columns_a,
          minmay_unequal
D:2:      cheibrodos_greedy_goblins, minmay_bisected

Skill      XL: |  1  2  3 |
---------------+----------+-----
Shields        | 3 |  3.0
Axes           | 2 |  2.3
Dodging        | 1 |  1.0
Armour         | 3 |  3.0
Fighting       | |  3.3

Action                   || total
-------------------------++-------
Melee: War axe           ||    65
       Kick              ||     1
  Use: Potion            ||     1
Armor: Scale mail        ||    34
Dodge: Dodged            ||    21
Block: Shield            ||     8
       Buckler           ||     9

Table legend:
 A = Non-vault XP
 B = Vault XP
 C = Vault XP percentage of total XP
 D = Non-vault monster count
 E = Vault monster count
 F = Vault count percentage of total count
                 A         B        C        D         E       F
            +---------+---------+-------+---------+---------+-------
      Total |      29 |      39 |  57.4 |      18 |       8 |  30.8
            +---------+---------+-------+---------+---------+-------
        D:1 |      27 |       8 |  22.9 |      17 |       4 |  19.0
        D:2 |       2 |      31 |  93.9 |       1 |       4 |  80.0
            +---------+---------+-------+---------+---------+-------
